 Dungeon Crawl Stone Soup version 0.30-a0-870-gc5d4c5acee (webtiles) character file.

Game seed: 10349165246613596057

3758 cheesebisquit the Scholar of Death (level 9, -10/72 HPs)
             Began as a Mummy Necromancer on Mar 12, 2023.
             Was a Follower of Kikubaaqudgha.
             Mangled by a wight
             ... wielding a +0 great sword
              (17 damage)
             ... on level 8 of the Dungeon.
             The game lasted 00:43:11 (10772 turns).

cheesebisquit the Scholar of Death (MuNe)          Turns: 10772, Time: 00:43:11

Health: -10/72     AC: 11    Str: 12    XL:     9   Next: 94%
Magic:  22/22      EV: 11    Int: 18    God:    Kikubaaqudgha [*.....]
Gold:   432        SH:  0    Dex: 12    Spells: 11/26 levels left

rFire   x . .      SeeInvis .    h - +0 dire flail
rCold   + . .      Faith    +    (shield currently unavailable)
rNeg    + + +      Spirit   .    e - +2 leather armour {rPois}
rPois   ∞          Reflect  .    l - +2 helmet
rElec   .          Rampage  .    (no cloak)
rCorr   .                        (no gloves)
Will    +....                    i - +2 pair of boots
Stlth   +                        (no amulet)
HPRegen 0.32/turn                (no ring)
MPRegen 0.18/turn                (no ring)

@: no status effects
A: cold resistance 1, negative energy resistance 3, torment resistance 2, heat
vulnerability 1, in touch with death 1, no potions, faith
a: Renounce Religion, Unearth Wretches


You were on level 8 of the Dungeon.
You worshipped Kikubaaqudgha.
Kikubaaqudgha was aware of your devotion.
You visited 2 branches of the dungeon, and saw 9 of its levels.
You also visited: Sewer.

You collected 432 gold pieces.

Inventory:

Hand Weapons
 h - a +0 dire flail (weapon)
 k - a +0 morningstar
 n - a +0 short sword
Missiles
 s - 12 poisoned darts
 t - a curare-tipped dart
 w - a throwing net
Armour
 e - a +2 leather armour of poison resistance (worn)
 i - a +2 pair of boots (worn)
 l - a +2 helmet (worn)
Jewellery
 o - a ring of fire
Wands
 j - a wand of flame (15)
 q - a wand of charming (2)
 r - a wand of digging (12)
 u - a wand of roots (2)
Scrolls
 a - 2 scrolls of butterflies
 b - a scroll of immolation
 c - 4 scrolls of vulnerability
 d - 2 scrolls of noise
 g - a scroll of amnesia
 m - 3 scrolls of fog
 p - a scroll of fear
 v - a scroll of enchant weapon {unknown}


   Skills:
 + Level 7.0 Fighting
 - Level 1.5 Dodging
 - Level 1.5 Stealth
 + Level 9.0 Spellcasting
 * Level 10.9 Necromancy


You had 11 spell levels left.
You knew the following spells:

 Your Spells              Type           Power      Damage    Failure   Level
a - Necrotise             Necr           100%       1d9       1%          1
b - Vampiric Draining     Necr           64%        2d10      1%          3
c - Animate Dead          Necr           64%        N/A       1%          4
d - Agony                 Necr           64%        N/A       3%          5
e - Cigotuvi's Dreadful   Necr/Pois/Air  62%        N/A       3%          2

Your spell library contained the following spells:

 Spells                   Type           Power      Damage    Failure   Level
 Apportation              Tloc           16%        N/A       11%         1
 Sting                    Tmut/Pois      32%        1d4       11%         1
 Summon Small Mammal      Summ           32%        N/A       11%         1
 Blink                    Tloc           16%        N/A       17%         2
 Lesser Beckoning         Tloc           16%        N/A       17%         2
 Momentum Strike          Conj/Tloc      16%        3d8       17%         2
 Poisonous Vapours        Pois/Air       16%        N/A       17%         2
 Olgreb's Toxic Radiance  Pois           8%         N/A       73%         4
 Summon Forest            Summ/Tloc      4%         N/A       97%         5
 Eringya's Noxious Bog    Tmut/Pois      4%         N/A       100%        6
 Summon Hydra             Summ           4%         N/A       100%        7


Dungeon Overview and Level Annotations

Branches:
Dungeon (8/15)             Temple (1/1) D:7            Lair (0/5) D:8
  Sewer (visited)

Altars:
Ashenzari
Cheibriados
Dithmenos
Fedhas
Gozag
Hepliaklqana
Kikubaaqudgha
Makhleb
Nemelex Xobeh
Okawaru
Qazlal
Ru
Sif Muna
Trog
Uskayaw
Wu Jian
Xom
Yredelemnul

Shops:
D:2 *


Innate Abilities, Weirdness & Mutations

You are immune to poison.
Your flesh is cold resistant. (rC+)
You are immune to negative energy. (rN+++)
You are immune to unholy pain and torment.
You are vulnerable to heat. (rF-)
You are in touch with the powers of death.
You do not drink.
You have a special connection with the divine. (Faith)


Message History

You open the door.
Something unseen opens the door.
There is an open door here.
You barely miss the wight. The wight barely misses you. x2
You barely miss the wight.
The wight hits you with a +0 great sword!
You closely miss the wight.
The wight hits you with a +0 great sword!
You barely miss the wight.
The wight hits you with a +0 great sword.
The wight hits you with a +0 great sword!
You hit the wight.
The wight is moderately damaged.
The wight hits you with a +0 great sword.
You puncture the wight!
The wight is severely damaged.
The wight hits you with a +0 great sword!
* * * LOW HITPOINT WARNING * * *
You closely miss the wight.
The wight is severely damaged.
The wight barely misses you. The wight misses you.
You barely miss the wight.
The wight is severely damaged.
The wight barely misses you.
You hit the wight.
The wight is almost destroyed.
The wight hits you with a +0 great sword!
* * * LOW HITPOINT WARNING * * *
You barely miss the wight.
The wight is almost destroyed.
The wight completely misses you.
You closely miss the wight.
The wight is almost destroyed.
The wight hits you but does no damage.
The wight hits you with a +0 great sword.
* * * LOW HITPOINT WARNING * * *
You hit the wight but do no damage.
The wight is almost destroyed.
The wight hits you with a +0 great sword!
You die...
Kikubaaqudgha rasps: "You have failed me!
Welcome... oblivion!"

#.....#...##
#?###.#..##
#.....#.##
+.._..'.#
#.....###
#.###z#
#.....#
#####+###'#
#.@z......#
#..#########
#...# ##..
##


You could see a wight.

Vanquished Creatures
  A hornet (D:8)
  Sigmund (D:3)
  4 water moccasins
  An ice beast (D:6)
  2 orc warriors
  A black bear (D:7)
  An ogre (D:4)
  A centaur (D:5)
  A phantom (D:5)
  A kobold brigand (D:7)
  7 bullfrogs
  A gnoll sergeant (D:5)
  3 scorpions
  5 wights
  A howler monkey (D:5)
  6 hounds
  3 orc priests
  Jessica (D:3)
  2 sleepcaps
  4 orc wizards
  13 gnolls
  13 adders
  5 river rats (Sewer)
  5 worms
  2 dart slugs
  35 orcs
  8 endoplasms
  A giant cockroach (D:2)
  9 goblins
  15 hobgoblins
  7 jackals
  8 kobolds
  7 quokkas
  17 ball pythons
  6 bats
  4 frilled lizards
  23 rats
225 creatures vanquished.

Vanquished Creatures (collateral kills)
  A water moccasin (D:8)
  A bullfrog (Sewer)
  A scorpion (D:7)
  A wight (D:7)
  A jelly (D:6)
  An iguana (D:6)
  A gnoll (D:5)
  2 adders
  A dart slug (D:5)
  An orc (D:4)
  2 endoplasms
  3 goblins
  A jackal (D:1)
  4 kobolds
  4 ball pythons
  3 frilled lizards
  7 rats
35 creatures vanquished.

Vanquished Creatures (others)
  5 orc zombies
  20 fungi (D:8)
  19 plants
  2 toadstools (D:8)
46 creatures vanquished.

Grand Total: 306 creatures vanquished

Notes
Turn   | Place    | Note
-------+----------+-------------------------------------------
     0 | D:1      | cheesebisquit the Mummy Necromancer began the quest for the
                  | Orb.
     0 | D:1      | Reached XP level 1. HP: 13/13 MP: 4/4
   130 | D:1      | Reached XP level 2. HP: 20/20 MP: 1/5
   332 | D:1      | Reached skill level 1 in Fighting
   532 | D:1      | Gained mutation: You are in touch with the powers of death.
                  | [Mummy growth]
   532 | D:1      | Reached XP level 3. HP: 26/26 MP: 5/7
  1152 | D:2      | Found Damutol's General Store.
  1353 | D:2      | Reached XP level 4. HP: 32/32 MP: 4/9
  1367 | D:2      | Reached skill level 5 in Necromancy
  1481 | D:2      | Found an opulent altar of Gozag.
  2015 | D:2      | Reached XP level 5. HP: 38/38 MP: 5/11
  2076 | D:2      | Learned a level 3 spell: Vampiric Draining
  2081 | D:2      | Learned a level 4 spell: Animate Dead
  2787 | D:3      | Noticed Sigmund
  2964 | D:3      | Noticed Jessica
  2967 | D:3      | Killed Jessica
  3568 | D:3      | Killed Sigmund
  3569 | D:3      | Reached skill level 6 in Necromancy
  3569 | D:3      | Reached XP level 6. HP: 38/47 MP: 1/13
  4091 | D:4      | Reached skill level 5 in Spellcasting
  4592 | D:4      | Found a glowing drain.
  4596 | D:4      | Reached XP level 7. HP: 52/52 MP: 10/14
  4604 | Sewer    | Entered a sewer
  5157 | Sewer    | Reached skill level 7 in Necromancy
  5341 | D:4      | Found a snail-covered altar of Cheibriados.
  5652 | D:5      | Entered Level 5 of the Dungeon
  5695 | D:5      | Found an ancient bone altar of Kikubaaqudgha.
  5984 | D:5      | Reached XP level 8. HP: 33/61 MP: 10/17
  6236 | D:5      | Reached skill level 8 in Necromancy
  6532 | D:5      | Reached skill level 5 in Fighting
  6727 | D:5      | Found a blossoming altar of Fedhas.
  6976 | D:5      | Learned a level 5 spell: Agony
  7027 | D:5      | Became a worshipper of Kikubaaqudgha
  7248 | D:6      | Reached skill level 9 in Necromancy
  7716 | D:6      | Found a basalt altar of Yredelemnul.
  7716 | D:6      | Found a hazy altar of Hepliaklqana.
  7759 | D:6      | Found an ornate altar of the Wu Jian Council.
  8029 | D:6      | Reached XP level 9. HP: 69/69 MP: 12/20
  8276 | D:7      | Found a staircase to the Ecumenical Temple.
  8285 | Temple   | Entered the Ecumenical Temple
  8552 | D:7      | Reached * piety under Kikubaaqudgha
  8552 | D:7      | Received a gift from Kikubaaqudgha
  8560 | D:7      | Learned a level 2 spell: Cigotuvi's Dreadful Rot
  8643 | D:7      | Found a hide-covered altar of Uskayaw.
  9484 | D:7      | Reached skill level 10 in Necromancy
 10383 | D:8      | Found a staircase to the Lair.
 10742 | D:8      | Found a broken altar of Ashenzari.
 10772 | D:8      | Mangled by a wight

Illustrated notes

Levels and vault maps discovered:
D:1:      scummos_arrival_gate, layout_rooms, skrybe_limestone_x,
          chequers_big_river, minmay_nonomino_d4
D:2:      minmay_recursive_quarters, layout_loops_ring, basic_altar,
          serial_shops, shop_statue
D:3:      minmay_general_purpose_star, layout_basic, uniq_jessica, uniq_sigmund
D:4:      minmay_chambers_of_twos, layout_cave_pools, cheibrodos_worm_habitat,
          portal_sewer_entry_d
D:5:      layout_loops_ring, lemuel_tele_altar, fedhas_altar_1
D:6:      layout_basic, nzn_wu_jian_contemplation,
          gammafunk_temple_overflow_wave, minmay_checkerbox
D:7:      layout_basic, mainiacjoe_overflow_24_doors, minmay_temple_entry_wispy
D:8:      layout_cave_pods, mainiacjoe_overflow_six_doors_small,
          due_lair_maze_entry_diamond, minmay_gold_behind_fungi
Temple:   nicolae_temple_godzebo

Skill      XL: |  1  2  3  4  5  6  7  8  9 |
---------------+----------------------------+-----
Spellcasting   | 3 4 5 6 7 9 |  9.0
Fighting       | 1 2 3 4 5 7 |  7.0
Necromancy     | 5 6 7 9 10 | 10.9
Dodging        | |  1.5
Stealth        | |  1.5

Action                     |  1- 3 |  4- 6 |  7- 9 || total
---------------------------+-------+-------+-------++-------
  Melee: Unarmed           |     9 |       |       ||     9
         Short sword       |     2 |     4 |       ||     6
         Morningstar       |       |     5 |    43 ||    48
         Dire flail        |       |       |    39 ||    39
  Throw: Throwing net      |       |       |     2 ||     2
   Cast: Necrotise         |    75 |   171 |   348 ||   594
         Vampiric Draining |       |       |     9 ||     9
         Animate Dead      |       |       |     3 ||     3
  Evoke: Wand              |       |       |    22 ||    22
    Use: Scroll            |       |    11 |     9 ||    20
 Armour: Robe              |     1 |       |       ||     1
         Leather armour    |     2 |    17 |   156 ||   175
  Dodge: Dodged            |    22 |    30 |   179 ||   231

Table legend: (Time is in decaauts)
 A = Elapsed time spent in this place.
 B = Non-inter-level travel time spent in this place.
 C = Inter-level travel time spent in this place.
 D = Time resting spent in this place.
 E = Time spent auto-exploring this place.
 F = Levels seen in this place.
 G = Mean time per level.
                   A        B        C        D        E       F      G
               +--------+--------+--------+--------+--------+-----+--------+
         Total |  10865 |  10304 |    561 |    646 |   7830 |  10 | 1086.5 |
       Dungeon |  10031 |   9493 |    538 |    646 |   7155 |   8 | 1253.9 |
        Temple |    121 |     98 |     23 |      0 |     87 |   1 |  121.0 |
         Sewer |    712 |    712 |      0 |      0 |    587 |   1 |  712.0 |
               +--------+--------+--------+--------+--------+-----+--------+

Top non-repeatable levels by time:
     D:7: 1801 daAuts
     D:5: 1538 daAuts
     D:3: 1424 daAuts
     D:2: 1409 daAuts
     D:1: 1167 daAuts
     D:6: 1062 daAuts
     D:4: 1002 daAuts
   Sewer: 712 daAuts
     D:8: 624 daAuts
  Temple: 121 daAuts
